 Dungeon Crawl Stone Soup version 0.24.0-28-g17ded55e90 (webtiles) character file.

Game seed: 18377049064458206005, levelgen mode: deterministic

567 Descartes the Insei (level 7, 0/37 HPs)
             Began as a Vine Stalker Monk on Nov 12, 2019.
             Killed by divine providence
             ... invoked by an orc priest
              (12 damage)
             ... on level 4 of the Dungeon.
             The game lasted 00:07:32 (3087 turns).

Descartes the Insei (Vine Stalker Monk)             Turns: 3087, Time: 00:07:34

Health: 0/37       AC: 10    Str: 14    XL:     7   Next: 33%
Magic:  0/11       EV:  5    Int: 10    God:
Gold:   161        SH:  0    Dex: 18    Spells: 10/10 levels left

rFire    . . .     SeeInvis .     - Unarmed
rCold    . . .     Gourm    .   (no shield)
rNeg     . . .     Faith    .   l - +0 plate armour
rPois    .         Spirit   +   (no helmet)
rElec    .         Reflect  .   (no cloak)
rCorr    .         Harm     .   (no gloves)
MR       .....                  (no boots)
Stlth    ..........             (no amulet)
HPRegen  0.52/turn              (no ring)
MPRegen  0.12/turn              (no ring)

@: no status effects
A: fangs 2, regeneration 1, magic shield, antimagic bite, no potion heal 3, rot
immunity
a: no special abilities


You were on level 4 of the Dungeon.
You were not hungry.

You visited 1 branch of the dungeon, and saw 4 of its levels.

You collected 161 gold pieces.

Inventory:

Missiles
 e - 23 arrows
 g - 28 bolts
 h - 40 stones (quivered)
 j - 5 boomerangs
Armour
 l - a +0 plate armour (worn)
Jewellery
 p - an uncursed ring of ice
Scrolls
 c - 2 scrolls of blinking
 m - 3 scrolls of remove curse
 o - a scroll of fog {unknown}
Potions
 a - 2 potions of brilliance
 d - a potion of curing
 f - 2 potions of ambrosia {unknown}
 k - 2 potions of flight {unknown}
 n - 2 potions of resistance
Comestibles
 b - 6 rations
 i - a chunk of flesh


   Skills:
 + Level 3.8 Fighting
 + Level 1.5 Armour
 + Level 3.4 Dodging
 + Level 4.5 Stealth
 * Level 5.2 Unarmed Combat
 + Level 2.3 Spellcasting


You had 10 spell levels left.
You didn't know any spells.
Your spell library was empty.

Dungeon Overview and Level Annotations

Branches:
Dungeon (4/15)
 Temple: D:4-7

Altars:
Hepliaklqana
Kikubaaqudgha


Innate Abilities, Weirdness & Mutations

You have extremely sharp teeth.
Your natural rate of healing is unusually fast.
When hurt, damage is shared between your health and your magic reserves.
Your bite disrupts and absorbs the magic of your enemies.
Potions cannot restore your health.
You are immune to rotting.


Message History

The orc priest shouts!
The orc wizard hits you but does no damage.
You hit the orc wizard. Your bite misses the orc wizard.
The orc wizard is lightly wounded.
The orc wizard hits you but does no damage.
The orc priest mumbles some strange prayers to Beogh against you.
Beogh smites you!
Your plate armour prevents you from hitting the orc wizard.
Your bite misses the orc wizard.
The orc wizard is lightly wounded.
The orc wizard hits you but does no damage.
The orc priest calls upon Beogh to heal the orc wizard.
The orc wizard's wounds heal themselves!
You barely miss the orc wizard. Your bite misses the orc wizard.
The orc wizard completely misses you.
The orc priest calls down the wrath of Beogh upon you.
Beogh smites you!
The orc priest invokes the aid of Beogh against you.
Beogh smites you!
You die...

.. .# .......... ...
.###......... ....
..............#
....####..............#
.........##............#
.........?#.......# #...+
..............Z...###...# #
..............o..##..##...# #
.............@oo..o..#....####
..............o#..............
#..............#....#.#.......
.....#.....#.###..###........
#......#######...##...#....
#.##...#..######........##...#
........###.#.#...............
...##.....#...#...###....<#...
###..........##....#..#...


You could see 2 orc priests, an orc wizard, 2 orcs and an adder skeleton.

Vanquished Creatures
  Grinder (D:3)
  2 vampire bats (D:3)
  An orc priest (D:3)
  Natasha (thrice) (D:3)
  A worker ant (D:2)
  4 gnolls (D:3)
  6 adders
  3 oozes
  3 dart slugs
  2 orcs (D:3)
  6 bats
  3 bat skeletons (D:3)
  2 bat zombies (D:3)
  A giant cockroach (D:3)
  5 goblins
  5 hobgoblins
  2 jackals (D:2)
  A quokka (D:3)
  5 frilled lizards
  5 kobolds
  6 rats
67 creatures vanquished.

Notes
Turn   | Place    | Note
-------+----------+-------------------------------------------
     0 | D:1      | Descartes the Vine Stalker Monk began the quest for the
                  | Orb.
     0 | D:1      | Reached XP level 1. HP: 11/11 MP: 2/2
   191 | D:1      | Reached XP level 2. HP: 16/16 MP: 3/3
   788 | D:1      | Reached XP level 3. HP: 16/19 MP: 4/4
  1147 | D:2      | Gained mutation: Your natural rate of healing is unusually
                  | fast. [Vine Stalker growth]
  1147 | D:2      | Reached XP level 4. HP: 11/24 MP: 3/5
  1347 | D:2      | Found a hazy altar of Hepliaklqana.
  1776 | D:3      | Reached skill level 4 in Unarmed Combat
  1792 | D:3      | Reached skill level 1 in Spellcasting
  1946 | D:3      | Reached XP level 5. HP: 28/28 MP: 7/7
  2092 | D:3      | Noticed Grinder
  2117 | D:3      | Paralysed by Grinder for 2 turns
  2125 | D:3      | Paralysed by Grinder for 6 turns
  2137 | D:3      | Killed Grinder
  2137 | D:3      | Reached skill level 1 in Armour
  2137 | D:3      | Reached XP level 6. HP: 25/32 MP: 6/9
  2170 | D:3      | Found an ancient bone altar of Kikubaaqudgha.
  2184 | D:3      | Reached skill level 5 in Unarmed Combat
  2205 | D:3      | Reached XP level 7. HP: 37/37 MP: 11/11
  2513 | D:4      | Noticed Natasha
  2539 | D:3      | Killed Natasha
  2869 | D:3      | Noticed Natasha
  2882 | D:3      | Killed Natasha
  3004 | D:3      | Noticed Natasha
  3020 | D:3      | Killed Natasha
  3087 | D:4      | Killed from afar by an orc priest

Levels and vault maps discovered:
D:1:      dpeg_arrival_rooms_with_view, layout_loops_ring
D:2:      layout_loops_ring, lemuel_crystal_altar, kennysheep_generic_room_9
D:3:      layout_basic, kennysheep_vampire_church, serial_glass,
          glass_columns_b, glass_columns_b, uniq_grinder
D:4:      layout_cave_pools, evilmike_ruin_ashenzari, lemuel_round_altar,
          lemuel_doored_altar, first_ration, uniq_natasha

Skill      XL: |  1  2  3  4  5  6 |
---------------+-------------------+-----
Fighting       | 3 |  3.8
Stealth        | 3 4 |  4.5
Unarmed Combat | 4 5 |  5.2
Spellcasting   | 1 2 |  2.3
Armour         | 1 |  1.5
Dodging        | 3 |  3.4

Action                   |  1- 3 |  4- 6 |  7- 9 || total
-------------------------+-------+-------+-------++-------
Melee: Unarmed           |    70 |   149 |    80 ||   299
       Bite              |    21 |    54 |    20 ||    95
       Punch             |     1 |     1 |     1 ||     3
  Use: Scroll            |     5 |     1 |     3 ||     9
 Stab: Sleeping          |     2 |       |       ||     2
  Eat: Chunk             |     1 |     3 |     3 ||     7
Armor: Leather armour    |     1 |       |       ||     1
       Plate armour      |    41 |   149 |    47 ||   237
Dodge: Dodged            |    16 |    48 |    19 ||    83
